 Dungeon Crawl Stone Soup version 0.22-a0-305-gd21a89c (webtiles) character file.

2936 xccam the Blocker (level 10, -3/76 HPs)
             Began as a Formicid Fighter on Mar 31, 2018.
             Killed from afar by Erica (39 damage)
             ... with an orb of energy
             ... on level 8 of the Dungeon.
             The game lasted 00:14:25 (6382 turns).

xccam the Blocker (Formicid Fighter)                Turns: 6382, Time: 00:14:26

Health: -3/76      AC: 12    Str: 23    XL:     10   Next: 7%
Magic:  10/10      EV: 12    Int:  8    God:
Gold:   350        SH: 11    Dex: 11    Spells: 9/9 levels left

rFire    + . .     SeeInvis +   a - +1 war axe
rCold    . . .     Gourm    .   c - +0 shield
rNeg     + . .     Faith    .   s - +1 ring mail {rF+}
rPois    .         Spirit   .   (helmet unavailable)
rElec    .         Reflect  .   (no cloak)
rCorr    .         Harm     .   (no gloves)
MR       +....                  (no boots)
Stlth    +.........             (no amulet)
HPRegen  0.22/turn              r - ring of positive energy
MPRegen  0.12/turn              w - +5 ring of protection

@: lethally poisoned (-3 -> -4)
A: permanent stasis, dig shafts and tunnels, four strong arms, antennae 3
a: Dig, Shaft Self


You were on level 8 of the Dungeon.
You were not hungry.

You visited 1 branch of the dungeon, and saw 8 of its levels.

You collected 350 gold pieces.

Inventory:

Hand Weapons
 a - a +1 war axe (weapon)
 y - a +4 battleaxe of freezing
Armour
 c - a +0 shield (worn)
 s - a +1 ring mail of fire resistance (worn)
 z - a +0 plate armour
Jewellery
 b - a cursed ring of loudness {unknown}
 r - a ring of positive energy (left hand)
 t - an uncursed ring of ice
 v - an uncursed amulet of harm
 w - a +5 ring of protection (right hand)
Wands
 m - a wand of iceblast (7)
 o - a wand of acid (10)
 x - a wand of polymorph (20)
Scrolls
 d - a scroll of remove curse
 h - a scroll of amnesia
 n - 4 scrolls of enchant weapon
 q - 2 scrolls of enchant armour {unknown}
 A - 3 scrolls of fog {unknown}
 B - a scroll of random uselessness {unknown}
 D - a scroll of identify
Potions
 e - 3 potions of heal wounds
 i - a potion of degeneration {unknown}
 j - a potion of invisibility {unknown}
 k - 2 potions of haste
 l - a potion of mutation {unknown}
 p - a potion of ambrosia
 u - 2 potions of berserk rage {unknown}
 C - 2 potions of magic {unknown}
Comestibles
 f - 10 rations
 g - 11 chunks of flesh


   Skills:
 - Level 6.0 Fighting
 + Level 8.2 Axes
 - Level 6.0 Armour
 - Level 4.0 Dodging
 - Level 9.1 Shields


You had 9 spell levels left.
You didn't know any spells.

Dungeon Overview and Level Annotations

Branches:
Dungeon (8/15)
 Temple: D:4-7         Lair: D:8-11

Altars:
Gozag
Sif Muna
Uskayaw
Vehumet

Shops:
D:7 (

Annotations:
D:8 Erica


Innate Abilities, Weirdness & Mutations

You cannot be hasted, slowed, berserked, paralysed or teleported.
You can dig through walls and to a lower floor.
Your four strong arms can wield two-handed weapons with a shield.
You have a pair of large antennae on your head. (SInv)


Message History

Erica is severely wounded.
You feel a little less agile now. Erica casts a spell at you.
You resist with some effort.
You feel sick. Erica gestures at you while chanting.
The orb of energy hits you!
The orb of energy explodes!
Erica points at you and mumbles some strange words.
The bolt of poison misses you.
You feel sick.
Erica points at you and mumbles some strange words.
The bolt of poison misses you.
You bump into the rock wall.
Erica casts a spell at you. You resist with some effort.
You feel less confused.
Erica points at you and mumbles some strange words.
The orb of energy hits you!
Ouch! That really hurt!
You die...

#.....# .......
#.....# ......#
#.....# .......#
#..)..#######.###...#
#.............##....#
#.....##....####....#
#.....##.##..# #.##.#
#....@.#รท###.###.##.#
#...@.....##.#...##.#
#.######..##...####.#
.. #......####.## #..
... ...>.......##..#
### ..
...........##..# .
............#..#
...............#
..........#.#...
..........#.##..#


You could see Erica (invisible).

Vanquished Creatures
  A troll (D:8)
  Eustachio (D:4)
  Menkaure (D:7)
  A water moccasin (D:7)
  An ice beast (D:8)
  A sky beast (D:7)
  3 phantoms
  2 ogres
  2 centaurs
  2 bullfrogs
  A wyvern zombie (D:8)
  2 scorpions
  5 killer bees (D:8)
  3 wights (D:5)
  3 howler monkeys
  A centaur zombie (D:7)
  3 crimson imps
  A quasit (D:7)
  2 hounds (D:4)
  2 orc priests (D:4)
  A gnoll shaman (D:6)
  A centaur skeleton (D:4)
  5 orc wizards
  2 bullfrog skeletons
  Jessica (D:2)
  An iguana (D:5)
  Ijyb (D:4)
  A worker ant (D:7)
  A hound zombie (D:5)
  4 gnolls (D:6)
  8 adders
  An ooze (D:1)
  An adder skeleton (D:4)
  4 worms
  4 leopard geckos
  15 orcs
  8 giant cockroaches
  7 goblins
  7 hobgoblins
  2 jackals (D:1)
  11 kobolds
  A quokka (D:7)
  6 bats
  5 frilled lizards
  A leopard gecko zombie (D:6)
  11 rats
148 creatures vanquished.

Notes
Turn   | Place    | Note
-------+----------+-------------------------------------------
     0 | D:1      | xccam the Formicid Fighter began the quest for the Orb.
     0 | D:1      | Reached XP level 1. HP: 18/18 MP: 1/1
   227 | D:1      | Reached XP level 2. HP: 24/24 MP: 2/2
   677 | D:1      | Reached XP level 3. HP: 29/29 MP: 3/3
   832 | D:2      | Reached XP level 4. HP: 20/35 MP: 4/4
  1074 | D:2      | Noticed Jessica
  1092 | D:2      | Killed Jessica
  1284 | D:2      | Reached XP level 5. HP: 35/41 MP: 5/5
  1669 | D:3      | Reached skill level 5 in Axes
  1984 | D:3      | Noticed an ogre
  1992 | D:3      | Killed an ogre
  1992 | D:3      | Reached XP level 6. HP: 46/47 MP: 6/6
  2244 | D:4      | Found a radiant altar of Vehumet.
  2313 | D:4      | Noticed Ijyb
  2330 | D:4      | Killed Ijyb
  2506 | D:4      | Reached XP level 7. HP: 50/52 MP: 7/7
  2889 | D:4      | Noticed Eustachio
  2918 | D:4      | Killed Eustachio
  3488 | D:5      | Entered Level 5 of the Dungeon
  3510 | D:5      | Reached skill level 4 in Shields
  3510 | D:5      | Reached XP level 8. HP: 29/58 MP: 8/8
  3591 | D:5      | Reached skill level 5 in Shields
  3657 | D:5      | Reached skill level 6 in Shields
  3952 | D:5      | Found an opulent altar of Gozag.
  4232 | D:5      | Reached skill level 7 in Shields
  4362 | D:5      | Reached skill level 8 in Shields
  4812 | D:6      | Found a hide-covered altar of Uskayaw.
  5262 | D:7      | Found Iryopt's Weapon Shop.
  5307 | D:7      | Reached skill level 9 in Shields
  5307 | D:7      | Reached XP level 9. HP: 61/64 MP: 9/9
  5596 | D:7      | Reached skill level 1 in Dodging
  5621 | D:7      | Found a deep blue altar of Sif Muna.
  5699 | D:7      | Noticed Menkaure
  5703 | D:7      | Killed Menkaure
  5912 | D:8      | Reached skill level 5 in Armour
  5914 | D:8      | Reached skill level 5 in Fighting
  6323 | D:8      | Noticed a troll
  6333 | D:8      | Killed a troll
  6333 | D:8      | Reached XP level 10. HP: 42/76 MP: 10/10
  6347 | D:8      | Noticed Erica
  6382 | D:8      | Killed from afar by Erica

Vault maps used:
D:1:      zelgadis_glass_arrival_small, serial_glass, glass_columns_a,
          glass_columns_a
D:2:      uniq_jessica
D:3:      hex_medium, guppyfry_early_orc_mine
D:4:      lemuel_round_altar, first_ration, uniq_eustachio, uniq_ijyb
D:5:      lemuel_crystal_altar, minmay_temple_entry_from_below_a,
          portal_sewer_entry_b
D:6:      kennysheep_mini_moat
D:7:      kennysheep_mini, serial_shops, nicolae_shop_crystal, uniq_menkaure
D:8:      uniq_erica

Skill      XL: |  1  2  3  4  5  6  7  8  9 |
---------------+----------------------------+-----
Axes           | 3 4 6 7 8 |  8.2
Shields        | 4 9 |  9.1
Dodging        | 4 |  4.0
Fighting       | 6 |  6.0
Armour         | 6 |  6.0

Action                   |  1- 3 |  4- 6 |  7- 9 | 10-12 || total
-------------------------+-------+-------+-------+-------++-------
Melee: War axe           |    66 |   100 |   320 |    11 ||   497
       Whip              |       |    90 |       |       ||    90
Evoke: Wand              |       |       |     1 |       ||     1
  Use: Potion            |       |     1 |     4 |     4 ||     9
       Scroll            |       |       |     5 |       ||     5
  Eat: Chunk             |       |     6 |     9 |       ||    15
       Ration            |       |       |     1 |       ||     1
Armor: Scale mail        |    27 |    68 |       |       ||    95
       Ring mail         |       |     2 |    89 |     2 ||    93
Dodge: Dodged            |    18 |    33 |   144 |     8 ||   203
Block: Shield            |    34 |   102 |   221 |     1 ||   358

Table legend:
 A = Spawn XP
 B = Non-spawn XP
 C = Spawn XP percentage of total XP
 D = Spawn monster count
 E = Non-spawn monster count
 F = Spawn count percentage of total count
 G = Total turns spent on level
                    A         B        C        D         E        F      G
               +---------+---------+-------+---------+---------+-------+---------
         Total |       0 |    4195 |   0.0 |       0 |     148 |   0.0 |  6382
               +---------+---------+-------+---------+---------+-------+---------
           D:1 |       0 |      32 |   0.0 |       0 |      16 |   0.0 |   781
           D:2 |       0 |     113 |   0.0 |       0 |      24 |   0.0 |   742
           D:3 |       0 |     187 |   0.0 |       0 |      25 |   0.0 |   717
           D:4 |       0 |     640 |   0.0 |       0 |      22 |   0.0 |  1248
           D:5 |       0 |     804 |   0.0 |       0 |      19 |   0.0 |  1158
           D:6 |       0 |     115 |   0.0 |       0 |       8 |   0.0 |   603
           D:7 |       0 |    1072 |   0.0 |       0 |      15 |   0.0 |   641
           D:8 |       0 |    1232 |   0.0 |       0 |      19 |   0.0 |   492
               +---------+---------+-------+---------+---------+-------+---------
